 Dungeon Crawl Stone Soup version 0.31-b1-18-g61460d1e46 (webtiles) character file.

Game seed: 5776680359081194230

111 hawla the Scratcher (level 4, -2/22 HPs)
             Began as a Felid Shapeshifter on Jan 16, 2024.
             Slain by a scorpion (5 damage)
             ... on level 3 of the Dungeon.
             The game lasted 00:06:16 (1678 turns).

hawla the Scratcher (Felid Shapeshifter)            Turns: 1678, Time: 00:06:17

Health: -2/22      AC:  1    Str: 11    XL:     4   Next: 62%
Magic:  5/5        EV: 18    Int: 12    God:
Gold:   112        SH:  0    Dex: 20    Spells: 3/3 levels left
                                        Lives:  0   Deaths: 2

rFire   . .          .
                       - Unarmed
rCold   + . .        (shield unavailable)
rNeg    . . .        (body armour unavailable)
rPois   .            (helmet unavailable)
rElec   .            (cloak unavailable)
rCorr   .            (gloves unavailable)
SInv    +            (boots unavailable)
Will    +....        (no amulet)
Stlth   ++           a - ring of protection from cold
HPRegen 0.23/turn    (no ring)
MPRegen 0.09/turn

%: no passive effects
@: beast-form
A: beast (slay +2), very small, claws 1, fangs 3, see invisible, shaggy fur 1,
stealthy paws, no weapons or thrown items, no armour, multi-lived, agile 1,
strong-willed 1
a: Begin Untransformation


You were on level 3 of the Dungeon.
You were a hulking beast.
You visited 1 branch of the dungeon, and saw 3 of its levels.

You collected 112 gold pieces.

Inventory:

Jewellery
 a - a ring of protection from cold (left paw)
Talismans
 b - a beast talisman
 c - a flux talisman
Scrolls
 d - 2 scrolls of teleportation
Potions
 f - 2 potions of resistance {unknown}
 i - a potion of curing
 j - 2 potions of attraction
 l - a potion of heal wounds {unknown}


   Skills:
 + Level 1.1 Fighting
 + Level 3.3 Dodging
 + Level 0.6 Stealth
 + Level 4.0 Unarmed Combat
 * Level 3.7 Shapeshifting


You had 3 spell levels left.
You didn't know any spells.
Your spell library was empty.

Dungeon Overview and Level Annotations

Branches:
Dungeon (3/15)

Altars:


Innate Abilities, Weirdness & Mutations

You are a hulking beast.
Your limbs bulge with bestial killing power. (Slay +2)
You have sharp claws.
You have razor-sharp teeth.
You have supernaturally acute eyesight. (SInv)
You are covered in fur. (AC +1)
Your paws help you pounce on unaware monsters.
You are incapable of wielding weapons or throwing items.
You cannot wear armour.
You gain extra lives every three experience levels.
You are agile. (Dex +4, Str/Int -1)
You are strong-willed. (Will+)


Message History

The scorpion stings you!
You stop ascending the stairs.
You die...
Your shape twists and changes as you die.
You rejoin the land of the living...
a - a ring of protection from cold
a - a ring of protection from cold (left paw)
A scorpion is nearby!
Okay, then.
A frilled lizard comes into view.
Jessica the Apprentice Sorceress comes into view.
She is wielding a +0 club.
Jessica mumbles some strange words.
Jessica blinks!
The frilled lizard bites you.
You miss the frilled lizard. The frilled lizard closely misses you.
You miss the frilled lizard. You bite the frilled lizard.
You kill the frilled lizard!
Jessica casts a spell at you. You resist with almost no effort.
You completely miss Jessica. You bite Jessica.
Jessica is moderately wounded.
Jessica hits you with a +0 club. The scorpion completely misses you.
Jessica attacks as she pursues you! Jessica hits you with a +0 club!
You scratch the scorpion.
The scorpion is moderately wounded.
The scorpion completely misses you. Jessica hits you with a +0 club.
* * * LOW HITPOINT WARNING * * *
You scratch Jessica.
Jessica is almost dead.
The scorpion barely misses you. x2; Jessica closely misses you.
You scratch Jessica.
You kill Jessica!
The scorpion misses you.
Your Unarmed Combat skill increases to level 4!
Found a trident.
The scorpion attacks as it pursues you! The scorpion stings you.
* * * LOW HITPOINT WARNING * * *
The scorpion misses you. The scorpion attacks as it pursues you!
The scorpion stings you.
You die...

# ###...##...... #.
###...#.###.....
#.#####....##.........
###..)....#....)###.....
............#...# #.##..
..............#......#..
............#....###.#..
........s...#.##.# .##.
.......h......# ..# ....
.............## #.# #...
..#######...## .. ..##
..### ## .## . # #


You could see a scorpion.

Vanquished Creatures
  Jessica (D:3)
  Terence (D:2)
  3 adders (D:2)
  A ribbon worm (D:2)
  An orc (D:3)
  2 endoplasms (D:1)
  A giant cockroach (D:2)
  5 goblins
  3 ball pythons (D:2)
  5 bats
  6 frilled lizards
  3 kobolds
  3 rats
35 creatures vanquished.

Notes
Turn   | Place    | Note
-------+----------+-------------------------------------------
     0 | D:1      | hawla the Felid Shapeshifter began the quest for the Orb.
     0 | D:1      | Reached XP level 1. HP: 10/10 MP: 2/2
    85 | D:1      | You fall into a shaft and drop 1 floor!
   121 | D:2      | Found a faded altar of an unknown god.
   148 | D:2      | Reached XP level 2. HP: 6/14 MP: 3/3
   258 | D:2      | Noticed Terence
   518 | D:1      | Reached XP level 3. HP: 14/18 MP: 4/4
  1208 | D:2      | Slain by Terence
  1208 | D:2      | Lost a life (0 lives remaining)
  1262 | D:2      | Gained mutation: You are agile. (Dex +4, Str/Int -1)
                  | [potion of mutation]
  1262 | D:2      | Gained mutation: You are strong-willed. (Will+) [potion of
                  | mutation]
  1271 | D:2      | Killed Terence
  1272 | D:2      | Reached XP level 4. HP: 22/22 MP: 5/5
  1272 | D:2      | Gained a life (1 life remaining)
  1627 | D:3      | Noticed a scorpion
  1645 | D:3      | Slain by a scorpion
  1645 | D:3      | Lost a life (0 lives remaining)
  1656 | D:3      | Noticed Jessica
  1670 | D:3      | Killed Jessica
  1671 | D:3      | Reached skill level 4 in Unarmed Combat
  1678 | D:3      | Slain by a scorpion

Illustrated notes

Levels and vault maps discovered:
D:1:      wheals_arrival_linesprint, layout_basic
D:2:      layout_basic, basic_ecumenical_altar, uniq_terence
D:3:      layout_rooms, nicolae_wu_jian_wuxing_cycle, minmay_between,
          uniq_crazy_yiuf_cottage, uniq_jessica

Skill      XL: |  1  2  3  4 |
---------------+-------------+-----
Shapeshifting  | 3 |  3.7
Dodging        | 3 |  3.3
Unarmed Combat | 4 |  4.0
Fighting       | |  1.1
Stealth        | |  0.6

Action                     |  1- 3 |  4- 6 || total
---------------------------+-------+-------++-------
  Melee: Unarmed           |    66 |    26 ||    92
         Bite              |     5 |     3 ||     8
         Punch             |     1 |       ||     1
    Use: Scroll            |     7 |     2 ||     9
         Potion            |     3 |       ||     3
   Stab: Sleeping          |     1 |       ||     1
 Armour: Skin              |    20 |    21 ||    41
  Dodge: Dodged            |    51 |    44 ||    95
